 Dungeon Crawl Stone Soup version 0.31-a0-193-gdfe2569204 (webtiles) character file.

Game seed: 16092912851734002665

12 qw the Shooter (level 2, -2/16 HPs)
             Began as a Deep Elf Hunter on June 24, 2023.
             Slain by an adder (3 damage)
             ... on level 2 of the Dungeon.
             The game lasted 00:00:08 (120 turns).

qw the Shooter (Deep Elf Hunter)                     Turns: 120, Time: 00:00:08

Health: -2/16      AC:  3    Str:  8    XL:     2   Next: 20%
Magic:  4/4        EV: 12    Int: 13    God:
Gold:   11         SH:  0    Dex: 18    Spells: 1/1 levels left

rFire   . . .        Y - +0 shortbow
rCold   . . .        (shield currently unavailable)
rNeg    . . .        c - +0 leather armour
rPois   .            (no helmet)
rElec   .            (no cloak)
rCorr   .            (no gloves)
SInv    .            (no boots)
Will    .....        (no amulet)
Stlth   ++           (no ring)
HPRegen 0.22/turn    (no ring)
MPRegen 0.09/turn

%: no passive effects
@: lethally poisoned (-2 -> -6)
A: no striking features
a: no special abilities


You were on level 2 of the Dungeon.
You visited 1 branch of the dungeon, and saw 2 of its levels.

You collected 11 gold pieces.


   Skills:
 - Level 1.5 Fighting
 + Level 6.1 Ranged Weapons
 - Level 2.4 Dodging
 - Level 1.2 Stealth


You had one spell level left.
You didn't know any spells.
Your spell library was empty.

Inventory:

Hand Weapons
 Y - a +0 shortbow (weapon)
Armour
 a - a +0 ring mail
 c - a +0 leather armour (worn)

Dungeon Overview and Level Annotations

Branches:
Dungeon (1/15)

Altars:


Message History

The adder hisses angrily.
The arrow hits the kobold but does no damage.
The eye of devastation pulsates ominously.
You shoot an arrow. The arrow closely misses the kobold.
You shoot an arrow. The arrow hits the kobold.
You kill the kobold!
You shoot an arrow. The arrow hits the adder.
The adder is lightly wounded.
You shoot an arrow. The arrow closely misses the adder.
The adder bites you but does no damage. The adder barely misses you.
You shoot an arrow. The arrow closely misses the adder.
The adder misses you. The adder bites you but does no damage.
You shoot an arrow. The arrow hits the adder.
The adder is lightly wounded.
The adder bites you but does no damage.
You shoot an arrow. The arrow hits the adder.
The adder is heavily wounded.
The adder bites you.
You shoot an arrow. The arrow closely misses the adder.
The adder bites you. The adder misses you.
You shoot an arrow. The arrow hits the adder.
The adder is heavily wounded.
The adder bites you.
You shoot an arrow. The arrow closely misses the adder.
The adder bites you.
You are poisoned.
The adder poisons you! The adder bites you but does no damage.
You shoot an arrow. The arrow barely misses the adder.
You feel sick. The adder bites you.
You shoot an arrow.
The arrow hits the adder but does no damage.
The adder is heavily wounded.
You feel sick. The adder completely misses you. The adder bites you.
You are lethally poisoned!
The adder poisons you!
You shoot an arrow. The arrow barely misses the adder.
You feel sick. The adder barely misses you.
You shoot an arrow. The arrow closely misses the adder.
You feel sick. The adder bites you.
You die...

#.###.%.###.#
#.#G#..?#G#.#
#.###...###.#
#.......%...###.
#....._.........
#..........).###.
#.!###...###.#
...#G#...#G#...
###.S@### ###
...)%...=...#
.##............
#####..######
...# #... #.##
#.#


You could see 2 great orbs of eyes, an eye of devastation, a golden eye and an
adder.

Vanquished Creatures
  An endoplasm (D:1)
  2 goblins
  A hobgoblin (D:2)
  2 kobolds
  4 quokkas
10 creatures vanquished.

Notes
Turn   | Place    | Note
-------+----------+-------------------------------------------
     0 | D:1      | qw the Deep Elf Hunter began the quest for the Orb.
     0 | D:1      | Reached XP level 1. HP: 12/12 MP: 3/3
     0 | D:1      | 0 ||| qw: Version: 0.3-a-9-g12657ce
     0 | D:1      | 0 ||| qw: Game counter: 4682
     0 | D:1      | 0 ||| qw: Always use a shield: true
     0 | D:1      | 0 ||| qw: God list: Okawaru
     0 | D:1      | 0 ||| qw: Allow faded altars: false
     0 | D:1      | 0 ||| qw: Do Orc after D:15 true
     0 | D:1      | 0 ||| qw: Do second Lair branch before Depths: true
     0 | D:1      | 0 ||| qw: Lair rune preference: random
     0 | D:1      | 0 ||| qw: Plans: Normal
     0 | D:1      | 0 ||| PLANNING D:1-11
    66 | D:1      | You fall into a shaft and drop 1 floor!
    83 | D:2      | Reached XP level 2. HP: 16/16 MP: 4/4
    83 | D:2      | Found a faded altar of an unknown god.
    83 | D:2      | Noticed an eye of devastation
    86 | D:2      | Noticed a golden eye
    86 | D:2      | Noticed a great orb of eyes
    86 | D:2      | Noticed a great orb of eyes
    88 | D:2      | 88 ||| READING scroll labelled TANKAT MUMMEINK.
    89 | D:2      | 89 ||| DROPPING scroll of butterflies.
    94 | D:2      | Reached skill level 6 in Ranged Weapons
   118 | D:2      | HP: 4/16 [adder (3)]
   120 | D:2      | HP: 1/16 [poisoned by an adder]
   120 | D:2      | Slain by an adder

Levels and vault maps discovered:
D:1:      dpeg_arrival_arbitrary_a, layout_loops_ring, minmay_curled_crystal
D:2:      layout_loops_ring, serial_shops, nicolae_lakefront_shop,
          hellmonk_ecumenical_altar_watching_god

Skill      XL: |  1  2 |
---------------+-------+-----
Ranged Weapons | 6 |  6.1
Fighting       | |  1.5
Dodging        | |  2.4
Stealth        | |  1.2

Action                     || total
---------------------------++-------
   Fire: Shortbow          ||    40
    Use: Scroll            ||     1
 Armour: Leather armour    ||     4
  Dodge: Dodged            ||     6

Table legend:
 A = Non-vault XP
 B = Vault XP
 C = Vault XP percentage of total XP
 D = Non-vault monster count
 E = Vault monster count
 F = Vault count percentage of total count
                 A         B        C        D         E       F
            +---------+---------+-------+---------+---------+-------
      Total |      18 |       0 |   0.0 |      10 |       0 |   0.0
            +---------+---------+-------+---------+---------+-------
        D:1 |       8 |       0 |   0.0 |       4 |       0 |   0.0
        D:2 |      10 |       0 |   0.0 |       6 |       0 |   0.0
            +---------+---------+-------+---------+---------+-------
